Map: Eternal Empire LE

Players

Fluffy - Winner!

  • Race: Zerg Zerg
  • League: Gold
  • Spawn Location: 1:00

A.I. 1 (Very Easy)

  • Race: Terran Terran
  • Spawn Location: 7:00

VOD

Have the link to the VOD?

Description

Time

  • Played on: March 19, 2020, 12:09 a.m.
  • Length: 12:56
Show
View Real Time Build Order
Export as new Build Order

Fluffy Zerg - Winner!

Build Orders: Hatch First 

Get SALT Encoding   

  12  0:01  Drone  
  13  0:13  Overlord  
  13  0:20  Drone  
  14  0:32  Drone x2  
  16  0:52  Hatchery  
  15  1:06  Drone  
  15  1:07  Drone x2  
  18  1:17  Spawning Pool  
  17  1:19  Drone  
  18  1:28  Drone  
  18  1:32  Extractor  
  18  1:40  Drone  
  19  1:50  Drone  
  20  2:02  Overlord  
  20  2:10  Queen  
  20  2:11  Queen  
  20  2:13  Zergling x4  
  26  2:23  Drone x2  
  26  2:28  Drone  
  29  2:38  Drone  
  29  2:39  Overlord  
  29  2:42  Metabolic Boost  
  30  3:01  Queen  
  30  3:03  Drone x3  
  35  3:06  Hatchery  
  35  3:12  Drone x2  
  36  3:15  Drone  
  37  3:28  Drone x3  
  37  3:29  Drone x2  
  37  3:30  Drone  
  37  3:31  Overlord  
  43  3:58  Zergling x6  
  43  3:59  Zergling x12  
  43  4:01  Overlord  
  52  4:13  Baneling Nest  
  51  4:27  Queen  
  53  4:38  Drone x5  
  55  4:39  Drone x7  
  65  5:23  Zergling x2  
  65  5:24  Overlord x4  
  66  5:34  Extractor  
  65  5:36  Extractor  
  65  5:39  Drone x2  
  66  5:43  Drone  
  66  5:44  Drone x6  
  66  5:45  Drone x2  
  66  5:46  Drone x4  
  66  5:48  Drone  
  80  6:05  Extractor  
  80  6:06  Extractor x2  
  80  6:08  Lair  
  77  6:19  Evolution Chamber  
  77  6:22  Evolution Chamber  
  75  6:29  Baneling x4  
  75  6:30  Baneling x7  
  75  6:31  Baneling x2  
  75  6:32  Baneling x3  
  73  6:53  Drone x2  
  73  6:54  Drone x5  
  80  7:16  Hatchery  
  79  7:23  Zerg Melee Weapons Level 1  
  79  7:25  Zerg Ground Armor Level 1  
  79  7:45  Hydralisk Den  
  79  7:51  Zergling x10  
  79  7:52  Zergling x30  
  79  7:53  Overlord  
  79  7:54  Overlord x3  
  98  8:21  Grooved Spines  
  98  8:23  Hydralisk  
  98  8:24  Hydralisk x6  
  98  8:25  Hydralisk  
  98  8:26  Hydralisk, Overlord  
  98  8:27  Overlord  
  116  8:41  Drone x10  
  126  9:06  Hydralisk x8  
  126  9:07  Hydralisk  
  126  9:09  Overlord x2  
  144  9:10  Overlord x3  
  144  9:30  Hydralisk  
  144  9:31  Hydralisk x6  
  146  9:32  Hydralisk  
  146  9:33  Muscular Augments, Zergling x4  
  146  9:34  Zergling x8  
  166  9:39  Centrifical Hooks  
  166  9:47  Overlord  
  166  9:48  Zergling x8  
  166  9:49  Zergling x6  
  173  10:06  Drone x4  
  173  10:07  Drone x2, Hydralisk x4  
  179  10:13  Extractor  
  186  10:14  Extractor  
  185  10:23  Hydralisk x3  
  185  10:26  Overlord  
  185  10:28  Zergling x2  
  192  10:30  Hatchery  
  192  10:35  Hatchery  
  190  11:21  Hatchery, Extractor  
  188  11:25  Extractor  
  185  11:37  Unknown  
Show
View Real Time Build Order
Export as new Build Order

A.I. 1 (Very Easy) Terran 

Build Orders:  

Get SALT Encoding   

  12  0:00  SCV  
  13  0:13  SCV  
  14  0:18  Supply Depot  
  14  0:36  Refinery  
  14  0:42  Barracks  
  14  1:05  Supply Depot  
  14  1:13  Refinery  
  14  1:30  Marine, Orbital Command  
  15  1:56  SCV  
  16  2:02  Marine  
  17  2:09  SCV  
  18  2:21  SCV  
  19  2:33  SCV  
  19  2:34  Marine  
  21  2:45  SCV  
  22  2:57  SCV  
  23  5:46  SCV  
  23  5:47  Marine, Supply Depot  
  25  5:50  Factory  
  25  6:09  SCV  
  26  6:12  Supply Depot  
  26  6:20  Barracks Tech Lab  
  26  6:21  SCV  
  26  6:33  SCV  
  26  6:36  Starport  
  26  6:39  Marine  
  27  6:41  Command Center  
  27  6:45  SCV  
  27  7:12  Marine  
  27  7:14  Starport Tech Lab  
  28  7:33  Raven  
  30  7:46  Marauder  
  32  7:54  SCV  
  33  8:01  SCV  
  33  8:02  Refinery  
  34  8:06  Refinery  
  34  8:08  SCV  
  35  8:15  SCV  
  35  8:16  Raven  
  35  8:19  Marine  
  38  8:23  SCV  
  40  8:30  SCV  
  41  8:37  SCV  
  42  8:44  SCV  
  43  8:51  SCV  
  44  8:58  SCV  
  45  9:06  SCV  
  46  9:13  SCV  
  47  9:20  SCV  
  48  9:27  SCV  
  49  9:34  SCV  
  50  11:00  Medivac  
  50  11:01  Marine  
  50  11:02  Supply Depot  
  53  11:19  Marauder  
  55  11:30  Medivac  
  56  11:41  Marauder  
  56  11:42  SCV  
  51  12:00  Raven  
  53  12:02  Marine  
  53  12:10  Supply Depot  
  53  12:14  SCV  
  44  12:20  Marauder  
  29  12:29  SCV  
  28  12:35  Supply Depot  
  23  12:41  SCV  
Tags
 
League
Gold
Matchup
TvZ
Spawn Locations
Cross Positions
Add a new tag
Caveats
  • Supply blocks, unpowered buildings, or Contaminate may cause inaccurate times.
  • Supply counts are checked every 10 seconds.